[Event "Titled Tuesday Blitz August 08 Late 2023"]
[White "Sreyas Payyappat"]
[Black "Klukin, Kirill"]
[WhiteFideId "46674969"]
[BlackFideId "24199273"]
[WhiteElo "2543"]
[BlackElo "2762"]
[Result "0-1"]
[Round "9"]
[TimeControl "180+1"]
[Date "2023.08.08"]
[WhiteClock "0:00:19"]
[BlackClock "0:00:06"]
[Board "22"]

1. e4 c5 2. Nf3 g6 3. d4 cxd4 4. Nxd4 Bg7 5. Nc3 Nc6 6. Be3 Nf6 7. f4 O-O 8. e5 Ne8 9. Bc4 Na5 10. Bxf7+ Kxf7 11. Ne6 dxe6 12. Qxd8 Nc6 13. Qd2 Nc7 14. O-O b6 15. g4 Kg8 16. Rad1 Bb7 17. f5 Nxe5 18. Qe2 Ba6 19. Qf2 Nxg4 20. Qg3 Nxe3 21. Qxe3 Bxf1 22. Rxf1 exf5 23. Qxe7 Rf7 24. Qb4 Re8 25. Qc4 Kf8 26. Rd1 Rfe7 27. Qb4 Kg8 28. Qc4+ Kh8 29. Nd5 Nxd5 30. Qxd5 Bxb2 31. Qb5 Bf6 32. Rd7 Kg7 33. Qd5 Rxd7 34. Qxd7+ Re7 35. Qc8 Bd4+ 36. Kf1 Bc5 37. Qc6 a5 38. Qb5 Re4 39. Kg2 Kh6 40. Kf3 Kg5 41. Qd7 Re3+ 42. Kg2 Re2+ 43. Kg3 Re7 44. Qd8 Kh5 45. Qd1+ Kh6 46. Qd2+ Re3+ 47. Kf4 Kg7 48. c4 Re4+ 49. Kf3 Re3+ 50. Kg2 Re7 51. Qc3+ Kf7 52. Qh3 Ke6 53. Qf3 Kf6 54. Qd5 Re2+ 55. Kg3 Re3+ 56. Kf4 g5# 0-1


[Site "https://www.chess.com"]

[Event "Titled Tuesday Blitz August 08 Late 2023"]
[White "Delorme, Axel"]
[Black "Urazayev, Arystanbek"]
[WhiteFideId "632023"]
[BlackFideId "13709810"]
[WhiteElo "2499"]
[BlackElo "2756"]
[Result "0-1"]
[Round "9"]
[TimeControl "180+1"]
[Date "2023.08.08"]
[WhiteClock "0:00:03"]
[BlackClock "0:00:17"]
[Board "23"]

1. e4 c5 2. Nf3 e6 3. b3 a6 4. Bb2 d5 5. exd5 exd5 6. g3 Nf6 7. Bg2 Bd6 8. Qe2+ Be6 9. Ng5 Qe7 10. Nxe6 fxe6 11. O-O O-O 12. Re1 Re8 13. d4 cxd4 14. Bxd4 Nc6 15. Bb2 e5 16. Nd2 Qf7 17. c4 Nd4 18. Qd3 Bc5 19. cxd5 Rac8 20. Rac1 Nxd5 21. Ne4 Be7 22. Bxd4 Nb4 23. Qd2 exd4 24. Rxc8 Rxc8 25. Rc1 Nc6 26. Nc5 Ne5 27. Nxb7 Rxc1+ 28. Qxc1 Bf8 29. Nc5 Qc7 30. Nd3 Qxc1+ 31. Nxc1 d3 32. Bd5+ Kh8 33. Nxd3 Nxd3 34. Bc4 Nb4 35. a3 Nc2 36. Bxa6 Bxa3 37. Bc4 Bc5 38. Kf1 Nd4 39. f4 g6 40. h4 h5 41. Ke1 Nf5 42. Kd2 Nxg3 43. Kc3 Nf5 44. b4 Bf2 45. b5 Nxh4 46. Bd3 Kg7 47. Kc4 Ng2 48. Kd5 Nxf4+ 49. Ke4 Nxd3 0-1


[Site "https://www.chess.com"]

[Event "Titled Tuesday Blitz August 08 Late 2023"]
[White "szachmistrz2500"]
[Black "Morefield, Jason"]
[BlackFideId "30920825"]
[WhiteElo "2494"]
[BlackElo "2729"]
[Result "0-1"]
[Round "9"]
[TimeControl "180+1"]
[Date "2023.08.08"]
[WhiteClock "0:00:08"]
[BlackClock "0:00:04"]
[Board "24"]

1. Nf3 d5 2. g3 g6 3. Bg2 Bg7 4. O-O e5 5. d3 Ne7 6. e4 dxe4 7. dxe4 Qxd1 8. Rxd1 h6 9. Be3 Be6 10. Nc3 c6 11. Na4 Nd7 12. Nc5 Nxc5 13. Bxc5 Nc8 14. Bf1 b6 15. Ba3 Bg4 16. Kg2 Bxf3+ 17. Kxf3 Bf8 18. Bxf8 Rxf8 19. Rd2 b5 20. a4 bxa4 21. Rxa4 Nb6 22. Ra5 Ke7 23. Rxe5+ Kf6 24. Rc5 Rac8 25. Rd6+ Ke7 26. Rdxc6 Rxc6 27. Rxc6 Rb8 28. Rc7+ Kd6 29. Rxf7 Nd7 30. Ke3 Rxb2 31. Bh3 Ne5 32. Rxa7 Rxc2 33. Ra6+ Kc5 34. Re6 Nc4+ 35. Kf3 Kd4 36. Bg2 Ne5+ 37. Rxe5 Kxe5 38. Ke3 Rc3+ 39. Kd2 Ra3 40. Ke2 g5 41. Bf3 Kd4 42. h4 gxh4 43. gxh4 Ra1 44. Bg2 Ke5 45. Kf3 Ra7 46. Bh3 Rf7+ 47. Bf5 Rg7 48. Ke3 Rf7 49. f4+ Kf6 50. Kf3 Ra7 51. Kg4 Ra3 52. e5+ Kg7 53. Kh5 Rg3 54. Bg4 Rg1 55. f5 Re1 56. f6+ Kf7 57. Kxh6 Rxe5 58. Bh5+ Kxf6 59. Bg6 Ra5 60. h5 Ra7 61. Bh7 Ra8 62. Bg6 Rh8+ 63. Bh7 Kf7 64. Kg5 Rxh7 0-1


[Site "https://www.chess.com"]

[Event "Titled Tuesday Blitz August 08 Late 2023"]
[White "GaiozNigalidze"]
[Black "Pantev, Veselin"]
[BlackFideId "2901390"]
[WhiteElo "2462"]
[BlackElo "2627"]
[Result "1/2-1/2"]
[Round "9"]
[TimeControl "180+1"]
[Date "2023.08.08"]
[WhiteClock "0:00:21"]
[BlackClock "0:00:51"]
[Board "25"]

1. c4 Nf6 2. Nf3 e6 3. g3 b6 4. Bg2 Bb7 5. O-O Be7 6. b3 O-O 7. Bb2 c5 8. d3 d6 9. Nbd2 Nbd7 10. a3 Qc7 11. b4 Rab8 12. b5 a5 13. bxa6 Bxa6 14. a4 Bb7 15. Nb1 d5 16. Nc3 Bc6 17. Nb5 Qb7 18. Nd2 Ra8 19. Qc2 h5 20. Ra3 h4 21. Rfa1 d4 22. Bxc6 Qxc6 23. Qd1 Ne5 24. Qf1 Qb7 25. Qg2 Qxg2+ 26. Kxg2 hxg3 27. hxg3 Nc6 28. Nb3 Bd8 29. Bc1 Nd7 30. Bd2 Ra6 31. a5 bxa5 32. Bxa5 Bxa5 33. Nxa5 Nb4 34. Nb3 Rfa8 35. Rxa6 Rxa6 36. Rxa6 Nxa6 37. Kf3 f5 38. Nd6 Kf8 39. Nb7 Ke7 40. Kg2 g5 41. Kh3 Kf6 42. g4 Ke5 43. gxf5 exf5 44. N3a5 Nb4 45. Nb3 Na6 46. Kg3 Kf6 47. Nd6 Ke5 48. Nb7 Kf6 49. Kf3 Ke5 50. Kg3 1/2-1/2


[Site "https://www.chess.com"]

[Event "Titled Tuesday Blitz August 08 Late 2023"]
[White "Prithu Gupta"]
[Black "Tari, Aryan"]
[WhiteFideId "46618546"]
[BlackFideId "1510045"]
[WhiteElo "2487"]
[BlackElo "2891"]
[Result "0-1"]
[Round "9"]
[TimeControl "180+1"]
[Date "2023.08.08"]
[WhiteClock "0:00:00"]
[BlackClock "0:00:04"]
[Board "26"]

1. d4 Nf6 2. c4 e6 3. Nf3 h6 4. Nc3 d5 5. e3 Be7 6. Bd3 O-O 7. O-O dxc4 8. Bxc4 c5 9. dxc5 Bxc5 10. Qxd8 Rxd8 11. b3 a6 12. a4 b6 13. Bb2 Bb7 14. Rfd1 Nc6 15. Kf1 Na5 16. Ne5 Rdc8 17. Rac1 Kf8 18. Ne2 Ke7 19. Nd4 Nxc4 20. Nxc4 Bd5 21. f3 Nd7 22. e4 Bb7 23. Nc2 a5 24. Bxg7 h5 25. Bd4 Ba6 26. Kf2 Bxc4 27. bxc4 Ne5 28. Ne3 Bxd4 29. Rxd4 Rc6 30. f4 Nd7 31. Rcd1 Nc5 32. e5 f5 33. exf6+ Kxf6 34. f5 Rf8 35. fxe6 Kxe6+ 36. Ke2 Nxa4 37. Re4+ Kf7 38. Rd7+ Kg6 39. Nd5 Nc5 40. Ne7+ Kh6 41. Nxc6 Nxe4 42. Re7 Nc5 43. Ne5 Kg5 44. Nd7 Nxd7 45. Rxd7 Rf6 46. c5 bxc5 47. Ra7 Re6+ 48. Kf3 Rf6+ 49. Ke4 Rf4+ 50. Ke3 a4 51. Ra5 Rc4 52. Kd3 Rd4+ 53. Ke3 Rb4 54. Rxc5+ Kg4 55. h3+ Kh4 56. Ra5 Kg3 57. Rg5+ Kh2 58. Kf3 h4 59. Ra5 Rb3+ 60. Kg4 Rb4+ 61. Kg5 Kg3 62. Kh5 Kxg2 63. Rg5+ Kxh3 0-1


[Site "https://www.chess.com"]

[Event "Titled Tuesday Blitz August 08 Late 2023"]
[White "Krishnan, Varun"]
[Black "Rustemov, Alexander"]
[WhiteFideId "5054508"]
[BlackFideId "4119002"]
[WhiteElo "2582"]
[BlackElo "2839"]
[Result "0-1"]
[Round "9"]
[TimeControl "180+1"]
[Date "2023.08.08"]
[WhiteClock "0:00:03"]
[BlackClock "0:00:23"]
[Board "27"]

1. e4 e6 2. d4 d5 3. Nc3 dxe4 4. Nxe4 Bd7 5. Nf3 Bc6 6. Bd3 Nd7 7. Qe2 Ngf6 8. O-O Be7 9. Bf4 Nxe4 10. Bxe4 Bxe4 11. Qxe4 c6 12. Rad1 O-O 13. Ne5 Re8 14. Rfe1 Nf6 15. Qe2 Qa5 16. a3 Rad8 17. Qf3 Qd5 18. Qh3 b5 19. Rd3 g6 20. Bg5 Nd7 21. Nxd7 Rxd7 22. Bxe7 Rexe7 23. b3 Qd6 24. Ra1 e5 25. Rad1 e4 26. Re3 f5 27. b4 Qd5 28. Rc3 f4 29. Qg4 Rf7 30. Rc5 Qd6 31. d5 cxd5 32. Rcxd5 Qxd5 33. Rxd5 Rxd5 34. Kf1 Rff5 35. Qe2 Rfe5 36. Qg4 g5 37. Qc8+ Kg7 38. Qc7+ Kg6 39. Qc6+ Kf7 40. Qc7+ Re7 41. Qc6 Rde5 42. Qh6 e3 43. fxe3 fxe3 44. Ke2 Kg8 45. Qd6 Kg7 46. Qd4 Kg6 47. Qd6+ R5e6 48. Qd3+ Kh6 49. Qd4 Rf7 50. Qg4 Rf2+ 51. Kd3 Rd2+ 52. Kc3 Rdd6 53. Qe2 Kg7 54. Qxb5 e2 55. Qxg5+ Kf7 56. Qf5+ Ke8 57. Qxh7 e1=Q+ 58. Kb2 Qe5+ 59. Ka2 Qd5+ 60. Kb2 Qd4+ 61. Ka2 Qd5+ 62. Kb2 Re7 63. Qh8+ Kd7 64. Qh3+ Kc7 65. Qc3+ Rc6 66. Qg3+ Kb7 0-1


[Site "https://www.chess.com"]

[Event "Titled Tuesday Blitz August 08 Late 2023"]
[White "Veiga, Jose Francisco R P Neves"]
[Black "Nazari, Arad"]
[WhiteFideId "1930087"]
[BlackFideId "12577324"]
[WhiteElo "2580"]
[BlackElo "2760"]
[Result "0-1"]
[Round "9"]
[TimeControl "180+1"]
[Date "2023.08.08"]
[WhiteClock "0:00:14"]
[BlackClock "0:00:09"]
[Board "28"]

1. e4 e6 2. d4 d5 3. Nd2 Nf6 4. e5 Nfd7 5. Bd3 c5 6. c3 Nc6 7. Ne2 Qb6 8. Nf3 f6 9. exf6 Nxf6 10. O-O cxd4 11. cxd4 Bd6 12. a3 O-O 13. b4 Bd7 14. Bf4 Bxf4 15. Nxf4 Rae8 16. Re1 g6 17. g3 Ng4 18. h3 Nxf2 19. Kxf2 e5 20. Nxd5 Qxd4+ 21. Ne3 e4 22. Bxe4 Qxe4 23. Qd5+ Qxd5 24. Nxd5 Rxe1 25. Rxe1 Bxh3 26. Nf4 Bf5 27. Ne5 Nxe5 28. Rxe5 Rf7 29. Ke3 Kg7 30. Nd5 Bd7 31. Kd4 Bc6 32. Nf4 Bf3 33. Kc5 Rc7+ 34. Kd6 Rc3 35. Re7+ Kh6 36. a4 Rb3 37. Kc5 Ra3 38. a5 a6 39. Ne6 Bc6 40. Nd8 Bg2 41. Nxb7 Rxg3 42. b5 Rg5+ 43. Kb6 Rxb5+ 44. Kxa6 Rb2 45. Nd6 Ra2 46. Nf7+ Kh5 47. Ne5 h6 48. Re6 g5 49. Nf7 Bd5 50. Rxh6+ Kg4 51. Ne5+ Kf5 52. Nd7 g4 53. Rf6+ Ke4 54. Nc5+ Ke5 55. Rg6 Bf3 56. Nd3+ Kd4 57. Nf4 Ke3 58. Nh5 Kf2 59. Rf6 Kg2 60. Nf4+ Kg3 61. Nd3 Be2 62. Rd6 Ra3 63. Kb6 Bxd3 64. Rd4 Kh3 65. Rd8 g3 66. Rh8+ Kg2 67. Rg8 Kh2 68. Rh8+ Kg1 69. Rd8 g2 70. Rxd3 Rxd3 71. a6 Ra3 72. a7 Kf1 73. Kb5 g1=Q 74. a8=Q Rxa8 75. Kb4 Qb6+ 76. Kc3 Ra3+ 77. Kd2 Qe3+ 78. Kd1 Ra1+ 79. Kc2 Rc1+ 80. Kb2 Qc3+ 81. Ka2 Ra1# 0-1


[Site "https://www.chess.com"]

[Event "Titled Tuesday Blitz August 08 Late 2023"]
[White "Przybylski, Wojciech"]
[Black "Mekhitarian, Krikor Sevag"]
[WhiteFideId "1117599"]
[BlackFideId "2107660"]
[WhiteElo "2571"]
[BlackElo "2751"]
[Result "0-1"]
[Round "9"]
[TimeControl "180+1"]
[Date "2023.08.08"]
[WhiteClock "0:00:03"]
[BlackClock "0:00:26"]
[Board "29"]

1. d4 Nf6 2. g3 g6 3. Bg2 d5 4. Nf3 Bg7 5. O-O O-O 6. Re1 c5 7. c3 Nbd7 8. Bf4 b6 9. a4 Bb7 10. Nbd2 e6 11. a5 Re8 12. a6 Bc6 13. h3 b5 14. Ne5 Nxe5 15. Bxe5 c4 16. b4 cxb3 17. Qxb3 Bh6 18. e3 Nd7 19. Bd6 Nb6 20. Bc5 Na4 21. Bb4 Qb6 22. f4 Qxa6 23. e4 dxe4 24. Nxe4 Bxe4 25. Bxe4 Rac8 26. h4 Qb6 27. Kg2 a5 28. Bc5 Nxc5 29. dxc5 Rxc5 30. Re3 Bg7 31. Rb1 Qc7 32. Bd3 Rb8 33. Be2 Qc6+ 34. Bf3 Qc7 35. Rc1 a4 36. Qa3 Rc8 37. Be2 Bxc3 38. Bxb5 Bb4 39. Rxc5 Bxc5 40. Qd3 Bxe3 41. Qxe3 Qb7+ 42. Kh2 Qxb5 43. Qd2 a3 44. Qd7 Qxd7 0-1


[Site "https://www.chess.com"]

[Event "Titled Tuesday Blitz August 08 Late 2023"]
[White "Hnydiuk, Aleksander"]
[Black "Aradhya, Garg"]
[WhiteFideId "1109057"]
[BlackFideId "25006746"]
[WhiteElo "2554"]
[BlackElo "2738"]
[Result "1-0"]
[Round "9"]
[TimeControl "180+1"]
[Date "2023.08.08"]
[WhiteClock "0:00:18"]
[BlackClock "0:00:04"]
[Board "30"]

1. d4 d5 2. c4 e6 3. Nc3 Nf6 4. Bg5 Be7 5. Nf3 h6 6. Bxf6 Bxf6 7. e3 O-O 8. Qd2 c5 9. dxc5 dxc4 10. Bxc4 Qa5 11. Ne4 Qxd2+ 12. Nfxd2 Bxb2 13. Rb1 Be5 14. Ke2 Nd7 15. Rhc1 Bc7 16. f4 Rd8 17. Bd3 Kf8 18. Nc4 Ke7 19. g4 Nf6 20. Nxf6 gxf6 21. Be4 Rb8 22. Rc3 Rg8 23. Bf3 Bd7 24. Rcb3 Bc6 25. Bxc6 bxc6 26. Rb7 Kd7 27. Rd1+ Kc8 28. Rxa7 Rb7 29. Ra6 Rb4 30. Rd4 Kb7 31. Ra3 Rb5 32. Rd7 Rxg4 33. Nd6+ Kb8 34. Nxb5 cxb5 35. Rb3 Kc8 36. Rxf7 Rg2+ 37. Kf3 Rxa2 38. Rxb5 Rxh2 39. c6 f5 40. Rb7 Bd8 41. Ra7 Rb2 42. Ra8+ Rb8 43. Rxb8+ Kxb8 44. Ke2 Kc8 45. Rh7 Bb6 46. Rxh6 Kc7 47. Rxe6 1-0


[Site "https://www.chess.com"]

[Event "Titled Tuesday Blitz August 08 Late 2023"]
[White "Hansen, Torbjorn Ringdal"]
[Black "Akobian, Varuzhan"]
[WhiteFideId "1501720"]
[BlackFideId "13300580"]
[WhiteElo "2553"]
[BlackElo "2733"]
[Result "1-0"]
[Round "9"]
[TimeControl "180+1"]
[Date "2023.08.08"]
[WhiteClock "0:00:12"]
[BlackClock "0:00:00"]
[Board "31"]

1. e4 d6 2. d4 Nf6 3. Nc3 c6 4. h3 Qc7 5. g4 e5 6. Nge2 Be7 7. Bg2 b5 8. Ng3 g6 9. a4 b4 10. Nce2 a5 11. g5 Nfd7 12. h4 Ba6 13. b3 Nf8 14. Bb2 Nbd7 15. f4 Ne6 16. f5 Nxd4 17. Nxd4 exd4 18. Qxd4 Ne5 19. O-O-O O-O-O 20. f6 Bf8 21. Rd2 h6 22. Rhd1 hxg5 23. hxg5 Re8 24. Qe3 c5 25. Kb1 c4 26. Rd5 c3 27. Bc1 Bb7 28. Rb5 Rh2 29. Bf1 d5 30. Qa7 Nc6 31. Qg1 Rxc2 32. Kxc2 d4 33. Ne2 Rxe4 34. Rd5 Qb6 35. Qg3 Bc5 36. Bh3+ Re6 37. Bxe6+ fxe6 38. Re5 Nd8 39. Nf4 Ba6 40. Nd3 Bd6 41. Rde1 Qc7 42. Qf4 1-0


[Site "https://www.chess.com"]

[Event "Titled Tuesday Blitz August 08 Late 2023"]
[White "reevecanada"]
[Black "Do Valle Cardoso, Lucas"]
[BlackFideId "2163144"]
[WhiteElo "2552"]
[BlackElo "2729"]
[Result "0-1"]
[Round "9"]
[TimeControl "180+1"]
[Date "2023.08.08"]
[WhiteClock "0:00:41"]
[BlackClock "0:02:02"]
[Board "32"]

1. e4 e5 2. Nf3 Nc6 3. d4 exd4 4. Nxd4 Nf6 5. Nxc6 bxc6 6. Nd2 d5 7. exd5 cxd5 8. Bb5+ Bd7 9. Bxd7+ Qxd7 10. O-O Be7 11. Re1 O-O 12. b3 Bc5 13. Bb2 Ng4 14. Rf1 Rfe8 15. h3 Nh6 16. Nf3 Nf5 17. Qd2 Ng3 18. Qg5 Ne2+ 19. Kh1 f6 20. Bxf6 h6 21. Qg6 Nf4 22. Qg3 Nh5 23. Qh4 Nxf6 24. Rad1 Re4 25. g4 Rae8 26. Qg3 Bd6 27. Qg2 c6 28. Nh4 Nxg4 29. Rg1 Nxf2+ 30. Qxf2 Qxh3+ 31. Qh2 Qxh2# 0-1


[Site "https://www.chess.com"]

[Event "Titled Tuesday Blitz August 08 Late 2023"]
[White "Kozusek, Daniel"]
[Black "Prohaszka, Peter"]
[WhiteFideId "349500"]
[BlackFideId "726265"]
[WhiteElo "2544"]
[BlackElo "2716"]
[Result "0-1"]
[Round "9"]
[TimeControl "180+1"]
[Date "2023.08.08"]
[WhiteClock "0:00:04"]
[BlackClock "0:00:17"]
[Board "33"]

1. d4 d5 2. Nf3 Nf6 3. c3 c5 4. dxc5 e6 5. b4 a5 6. e3 axb4 7. cxb4 b6 8. a4 bxc5 9. b5 Nbd7 10. Bb2 Bb7 11. Nbd2 Qc7 12. Qc2 Bd6 13. e4 c4 14. exd5 exd5 15. Be2 O-O 16. O-O Rfe8 17. Rfe1 h6 18. Qc3 Ne5 19. a5 Neg4 20. Nf1 Nxf2 21. Ng3 Bc5 22. Kf1 N2g4 23. Nd4 Re3 24. Qd2 Nxh2+ 25. Kg1 Qxg3 26. a6 Bc8 27. Kh1 Nhg4 28. Bxg4 Nxg4 29. Nf3 Rxf3 30. Re8+ Kh7 31. gxf3 Qh3+ 0-1


[Site "https://www.chess.com"]

[Event "Titled Tuesday Blitz August 08 Late 2023"]
[White "Alex_Sahakyan2006"]
[Black "ArtemDyachuk"]
[WhiteElo "2713"]
[BlackElo "2549"]
[Result "1-0"]
[Round "9"]
[TimeControl "180+1"]
[Date "2023.08.08"]
[WhiteClock "0:00:37"]
[BlackClock "0:00:01"]
[Board "34"]

1. d4 Nf6 2. Nf3 e6 3. c4 c5 4. d5 d6 5. Nc3 exd5 6. cxd5 g6 7. Bf4 Bg7 8. e3 O-O 9. h3 Ne8 10. Be2 Nd7 11. O-O Ne5 12. Nxe5 dxe5 13. Bg3 Nd6 14. a4 Qg5 15. Nb5 Nf5 16. Bh2 Nh4 17. g3 Bxh3 18. f4 Qe7 19. gxh4 Bxf1 20. Bxf1 Qxh4 21. fxe5 Bxe5 22. Bxe5 Qg5+ 23. Bg2 Qxe5 24. Qd2 a6 25. Nc3 Rad8 26. a5 Rfe8 27. Re1 f5 28. Na4 f4 29. e4 Rf8 30. Bf3 g5 31. Nxc5 g4 32. Bxg4 f3 33. Kf2 Qh2+ 34. Ke3 f2 35. Be6+ Kg7 36. Rf1 Qg3+ 37. Kd4 Qg2 38. Nd3 Rf6 39. Rxf2 Qg1 40. Kc3 Rxf2 41. Nxf2 h5 42. Qd4+ Kh7 43. Bf5+ Kg8 44. Nh3 Qg3+ 45. Qd3 Qe5+ 46. Kb3 b6 47. Qc3 Qd6 48. Be6+ Kh7 49. Bf5+ Kg8 50. Ng5 Qe7 51. Be6+ Kf8 52. Qh8# 1-0


[Site "https://www.chess.com"]

[Event "Titled Tuesday Blitz August 08 Late 2023"]
[White "Sokolovsky, Yahli"]
[Black "Bettalli, Francesco"]
[WhiteFideId "2820242"]
[BlackFideId "2816453"]
[WhiteElo "2697"]
[BlackElo "2542"]
[Result "1-0"]
[Round "9"]
[TimeControl "180+1"]
[Date "2023.08.08"]
[WhiteClock "0:00:04"]
[BlackClock "0:00:00"]
[Board "35"]

1. b3 a5 2. Bb2 a4 3. b4 e6 4. a3 Nf6 5. c4 d5 6. c5 b6 7. d4 Be7 8. Nf3 O-O 9. e3 bxc5 10. dxc5 c6 11. Nc3 Nbd7 12. Nxa4 Ne4 13. Nc3 f5 14. Be2 Bf6 15. Nd4 Ne5 16. O-O Qc7 17. f3 Nxc3 18. Bxc3 Ng6 19. Bd3 Bd7 20. Qc2 Ne5 21. Be2 Nf7 22. f4 g6 23. Nf3 e5 24. Qb2 Rae8 25. a4 d4 26. exd4 exf4 27. Bc4 Re3 28. b5 cxb5 29. axb5 Kg7 30. c6 Bxc6 31. bxc6 Qxc6 32. Bxf7 Rxc3 33. Rac1 Rxc1 34. Rxc1 Qe4 35. Ba2 g5 36. Bb1 Qe3+ 37. Kh1 g4 38. Ne5 f3 39. gxf3 Rb8 40. Rc7+ Kh6 41. Qxb8 Qe1+ 42. Kg2 Qe2+ 43. Kg3 1-0


[Site "https://www.chess.com"]

[Event "Titled Tuesday Blitz August 08 Late 2023"]
[White "Hoang, Thi Bao Tram"]
[Black "ATM622"]
[WhiteFideId "12401102"]
[WhiteElo "2677"]
[BlackElo "2527"]
[Result "1-0"]
[Round "9"]
[TimeControl "180+1"]
[Date "2023.08.08"]
[WhiteClock "0:00:25"]
[BlackClock "0:00:00"]
[Board "36"]

1. Nf3 Nf6 2. g3 g6 3. Bg2 Bg7 4. O-O O-O 5. d4 d5 6. c4 c6 7. cxd5 cxd5 8. Ne5 Nc6 9. Nxc6 bxc6 10. Nc3 Bf5 11. Bf4 Nh5 12. Be3 e5 13. Rc1 e4 14. Na4 Rc8 15. Qd2 Nf6 16. h3 Qe7 17. Rc2 h5 18. Rfc1 h4 19. g4 Bxg4 20. hxg4 Nxg4 21. Rxc6 Rxc6 22. Rxc6 f5 23. Bf4 h3 24. Rc7 Qh4 25. Bg3 h2+ 26. Kh1 e3 27. Bxh4 exd2 28. Nc3 Bxd4 29. Nd1 Bxf2 30. Bxf2 Nxf2+ 31. Nxf2 Rb8 32. b3 Re8 33. Bf3 d4 34. Kxh2 Re3 35. Kg2 Rc3 36. Rd7 Rc2 37. a4 Rb2 38. Rxd4 Kg7 39. Bd5 Kh6 40. Bc4 Rc2 41. Nd1 Kg5 42. Ne3 Rb2 43. Kf3 f4 44. Rxf4 Rb1 45. Rd4 Rd1 46. Nxd1 1-0


[Site "https://www.chess.com"]

[Event "Titled Tuesday Blitz August 08 Late 2023"]
[White "Weetik, Vjacheslav"]
[Black "Ibadov, Dashgyn"]
[WhiteFideId "4153472"]
[BlackFideId "24107514"]
[WhiteElo "2663"]
[BlackElo "2525"]
[Result "0-1"]
[Round "9"]
[TimeControl "180+1"]
[Date "2023.08.08"]
[WhiteClock "0:00:02"]
[BlackClock "0:01:23"]
[Board "37"]

1. d4 Nf6 2. c4 c5 3. d5 d6 4. Nc3 g6 5. e4 Bg7 6. Bd3 O-O 7. h3 e6 8. Nf3 exd5 9. cxd5 Re8 10. O-O Nbd7 11. Bf4 c4 12. Bc2 Nc5 13. Re1 b5 14. a3 Qb6 15. Qd2 Bb7 16. Bh6 a5 17. Bxg7 Kxg7 18. Qg5 b4 19. Nh4 Re5 20. Nf5+ Rxf5 21. exf5 bxc3 22. bxc3 Qb2 23. fxg6 Qxc2 24. gxh7+ Qg6 25. Qh4 Bxd5 26. f3 Bxf3 27. Qf2 Bd5 28. Re3 Nd3 29. Qd2 Kxh7 30. Rf1 Rg8 0-1


[Site "https://www.chess.com"]

[Event "Titled Tuesday Blitz August 08 Late 2023"]
[White "Grinev, Valeriy"]
[Black "Weishaeutel, Moritz"]
[WhiteFideId "14117517"]
[BlackFideId "12967300"]
[WhiteElo "2520"]
[BlackElo "2659"]
[Result "1-0"]
[Round "9"]
[TimeControl "180+1"]
[Date "2023.08.08"]
[WhiteClock "0:01:09"]
[BlackClock "0:00:47"]
[Board "38"]

1. e4 e5 2. Nf3 Nf6 3. Nxe5 Nxe4 4. Nf3 d5 5. Nc3 Nxc3 6. dxc3 c6 7. Be3 Bd6 8. Qd2 Bg4 9. O-O-O O-O 10. Kb1 Nd7 11. Be2 Re8 12. h3 Bh5 13. g4 Bg6 14. Nd4 Ne5 15. f4 Nd7 16. f5 Qe7 17. Bf4 Bxf4 18. Qxf4 c5 19. fxg6 hxg6 20. Nb5 Qxe2 21. Nc7 Nf6 22. Nxa8 Rxa8 23. Rhe1 Qg2 24. g5 Ne4 25. h4 Re8 26. a3 Re6 27. Rg1 Qe2 28. Rxd5 Qc4 29. Rd8+ Kh7 30. Qb8 Nxc3+ 31. bxc3 Rb6+ 32. Kc1 Qf4+ 33. Qxf4 1-0


[Site "https://www.chess.com"]

[Event "Titled Tuesday Blitz August 08 Late 2023"]
[White "Hua, Lefong"]
[Black "Zeman, Matyas"]
[WhiteFideId "2602253"]
[BlackFideId "364398"]
[WhiteElo "2652"]
[BlackElo "2515"]
[Result "1-0"]
[Round "9"]
[TimeControl "180+1"]
[Date "2023.08.08"]
[WhiteClock "0:01:40"]
[BlackClock "0:00:37"]
[Board "39"]

1. d4 Nf6 2. c4 e6 3. Nc3 d5 4. cxd5 Nxd5 5. e4 Nxc3 6. bxc3 c5 7. Nf3 cxd4 8. cxd4 Bb4+ 9. Bd2 Bxd2+ 10. Qxd2 O-O 11. Bc4 Nd7 12. O-O b6 13. Rad1 Bb7 14. Rfe1 Rc8 15. Bd3 Re8 16. h4 h6 17. d5 Nc5 18. Bb1 exd5 19. e5 d4 20. Nxd4 Qd5 21. f4 Red8 22. Qf2 Qc4 23. Nf5 Rxd1 24. Rxd1 Qa4 25. Bc2 Qc6 26. Ne7+ 1-0


[Site "https://www.chess.com"]

[Event "Titled Tuesday Blitz August 08 Late 2023"]
[White "Toncheva, Nadya"]
[Black "Zarubitski, Viachaslau"]
[WhiteFideId "2924056"]
[BlackFideId "13509373"]
[WhiteElo "2514"]
[BlackElo "2641"]
[Result "1-0"]
[Round "9"]
[TimeControl "180+1"]
[Date "2023.08.08"]
[WhiteClock "0:00:21"]
[BlackClock "0:00:01"]
[Board "40"]

1. e4 e5 2. Nf3 Nf6 3. Nxe5 d6 4. Nf3 Nxe4 5. Qe2 Qe7 6. d3 Nf6 7. Nc3 h6 8. Be3 Nc6 9. O-O-O Be6 10. d4 d5 11. Ne5 Bd7 12. Qf3 Qe6 13. Bd3 Ne7 14. Rhe1 O-O-O 15. Bf4 g5 16. Bg3 g4 17. Nxg4 Qxg4 18. Qxf6 Qg5+ 19. Qxg5 hxg5 20. h3 f6 21. Nb5 Bxb5 22. Bxb5 c6 23. Bd3 Kd7 24. Re2 Bg7 25. Rde1 Rde8 26. c3 Rhf8 27. Kc2 b5 28. a4 a6 29. axb5 axb5 30. h4 Bh6 31. Re6 gxh4 32. Bxh4 Bg5 33. Bg3 Rh8 34. Rd6+ Kc8 35. Ra1 Kb7 36. Rd7+ Kb6 37. Bc7+ Kb7 38. Bd6+ Kb6 39. Bc5# 1-0


[Site "https://www.chess.com"]

[Event "Titled Tuesday Blitz August 08 Late 2023"]
[White "Ambartsumova, Karina"]
[Black "Hristodoulou, Panagiotis"]
[WhiteFideId "4166299"]
[BlackFideId "4214340"]
[WhiteElo "2594"]
[BlackElo "2504"]
[Result "0-1"]
[Round "9"]
[TimeControl "180+1"]
[Date "2023.08.08"]
[WhiteClock "0:00:11"]
[BlackClock "0:00:12"]
[Board "41"]

1. c4 g6 2. Nc3 Bg7 3. d4 d6 4. e4 e5 5. Nf3 Bg4 6. d5 a5 7. Be2 Na6 8. O-O Ne7 9. Ne1 Bd7 10. Nd3 O-O 11. f4 f5 12. fxe5 dxe5 13. exf5 gxf5 14. Bg5 Qe8 15. Bh5 Ng6 16. Qd2 Nb4 17. Rae1 Nxd3 18. Qxd3 e4 19. Qd2 Qe5 20. Kh1 a4 21. a3 Qd4 22. Qe2 Ne5 23. Rd1 Qxc4 24. Qf2 Nd3 25. Qh4 Nxb2 26. Rc1 Bxc3 27. Qg3 Kh8 28. Bd2 Bxd2 29. Rxc4 Nxc4 30. Qxc7 Bb5 31. Qxb7 Ba6 32. Qe7 Bh6 33. d6 Rad8 34. Rd1 Ne3 35. Rb1 Nd5 36. Qe5+ Nf6 37. Bd1 Bg7 38. Bxa4 Ng4 39. Qg3 e3 40. h3 Nf2+ 41. Kh2 f4 42. Qf3 Rxd6 43. Bb5 Bc8 44. Be2 Rh6 45. Qd5 Bg4 46. Bxg4 Nxg4+ 47. Kg1 Nf2 48. Qf3 Rd6 49. a4 h6 50. a5 Rfd8 51. Qxf4 Rd1+ 52. Rxd1 Rxd1+ 53. Kh2 e2 54. Qb8+ Kh7 55. Qf4 e1=Q 56. Qf5+ Kg8 57. Qc8+ Bf8 58. Qc4+ Kg7 59. Qc7+ Qe7 60. Qc3+ Kg8 61. Qg3+ Qg7 62. Qxf2 Qc7+ 63. g3 Qc1 64. Kg2 Rd2 65. Kf3 Rxf2+ 66. Kxf2 Qd2+ 67. Kf3 Qxa5 68. Kg4 Qc7 69. Kf3 Qg7 70. Kg2 Bd6 71. Kf3 Qxg3+ 72. Ke4 Qxh3 73. Kd5 Qd7 74. Ke4 Be7 75. Ke5 Qd6+ 76. Ke4 Qf6 77. Kd5 Kf7 78. Kc4 Qe6+ 79. Kb5 Qd6 80. Ka4 Qb4# 0-1


[Site "https://www.chess.com"]

[Event "Titled Tuesday Blitz August 08 Late 2023"]
[White "Vlassov, Nikolai"]
[Black "Garakov, Mikhael"]
[WhiteFideId "4103360"]
[BlackFideId "4169034"]
[WhiteElo "2591"]
[BlackElo "2499"]
[Result "1-0"]
[Round "9"]
[TimeControl "180+1"]
[Date "2023.08.08"]
[WhiteClock "0:00:04"]
[BlackClock "0:00:00"]
[Board "42"]

1. e4 c5 2. c3 d6 3. d4 Nf6 4. Bd3 Nc6 5. d5 Ne5 6. Bc2 e6 7. f4 Ng6 8. dxe6 fxe6 9. Nf3 Be7 10. f5 Ne5 11. O-O O-O 12. Nbd2 Nxf3+ 13. Nxf3 d5 14. e5 Ne4 15. fxe6 Bxe6 16. Qe2 Qd7 17. c4 Qc6 18. Be3 dxc4 19. Rae1 c3 20. b3 Rad8 21. Bc1 Nd2 22. Nxd2 cxd2 23. Bxd2 c4 24. Be4 Qc5+ 25. Kh1 c3 26. Be3 Qxe5 27. Bxa7 Bd6 28. Bg1 g6 29. Qc2 Bd5 30. Bxg6 Qg7 31. Be4 Bxe4 32. Qxe4 Rde8 33. Qc4+ Kh8 34. Rxe8 Rxe8 35. Bd4 Be5 36. Bxe5 Qxe5 37. h3 Qe3 38. Rf3 Qe1+ 39. Kh2 Qe5+ 40. Qf4 Qxf4+ 41. Rxf4 Rc8 42. Rf1 b5 43. b4 Rc4 44. Rc1 c2 45. Kg3 1-0


[Site "https://www.chess.com"]